Map: World of Sleepers LE

Players

Serral - Winner!

  • Race: Zerg Zerg
  • Spawn Location: 7:00

Stats

  • Race: Protoss Protoss
  • League: Grandmaster
  • Spawn Location: 1:00

Event: NationWars 2019

VOD

Have the link to the VOD?

Description

Time

  • Played on: Dec. 8, 2019, 3:39 p.m.
  • Length: 13:53

All games in this series

Show
View Real Time Build Order
Export as new Build Order

Serral Zerg - Winner!

Build Orders: Hatch First 

Get SALT Encoding   

  12  0:00  Drone  
  13  0:12  Overlord  
  13  0:16  Drone  
  14  0:30  Drone x2  
  16  0:47  Hatchery  
  15  0:50  Drone  
  15  0:53  Drone  
  17  0:57  Drone  
  18  1:07  Extractor  
  17  1:12  Spawning Pool  
  17  1:16  Drone  
  17  1:19  Drone  
  18  1:28  Drone  
  19  1:38  Drone  
  20  1:49  Overlord  
  20  1:58  Queen  
  20  1:59  Zergling x2, Queen  
  20  2:00  Zergling x2  
  26  2:10  Drone x2  
  26  2:13  Metabolic Boost  
  28  2:20  Drone  
  28  2:21  Drone  
  30  2:33  Hatchery  
  30  2:35  Drone  
  30  2:42  Queen  
  32  2:47  Overlord  
  32  2:49  Drone  
  33  2:53  Drone  
  33  2:54  Drone  
  33  2:57  Drone  
  36  3:08  Drone x2  
  36  3:09  Drone x3  
  41  3:14  Overlord  
  41  3:17  Overlord  
  40  3:22  Queen  
  42  3:29  Zergling x2  
  42  3:30  Overlord  
  43  3:36  Drone  
  43  3:38  Drone  
  43  3:39  Drone x2  
  47  3:42  Spore Crawler  
  47  3:45  Evolution Chamber  
  47  3:46  Queen  
  47  3:50  Spore Crawler, Drone  
  47  3:53  Drone  
  47  3:54  Drone  
  49  3:56  Drone  
  49  3:58  Drone  
  49  4:00  Drone  
  52  4:03  Zergling x2  
  52  4:05  Drone x2  
  52  4:09  Drone x2  
  57  4:12  Zerg Melee Weapons Level 1  
  57  4:13  Drone  
  57  4:17  Overlord  
  58  4:18  Drone  
  58  4:19  Drone  
  58  4:23  Queen  
  62  4:27  Overlord  
  62  4:30  Zergling x4  
  64  4:32  Zergling x2  
  65  4:39  Spore Crawler, Zergling x4  
  65  4:40  Drone x3  
  65  4:43  Zergling x4  
  71  4:46  Drone x3  
  71  4:50  Zergling x2  
  75  4:53  Lair  
  75  4:57  Roach Warren  
  73  5:01  Zergling x8  
  73  5:03  Drone  
  73  5:06  Drone x2  
  76  5:08  Drone x2  
  76  5:11  Drone x2, Extractor x2  
  78  5:15  Drone  
  78  5:21  Overlord  
  76  5:22  Zergling x2  
  76  5:25  Zergling x6  
  77  5:30  Zergling x6  
  77  5:41  Drone x3  
  77  5:47  Drone  
  77  5:48  Drone x5  
  77  5:49  Extractor  
  80  5:50  Extractor  
  80  5:51  Drone x2, Glial Reconstitution  
  81  5:57  Overseer  
  81  5:58  Hatchery  
  81  6:00  Overlord  
  81  6:02  Drone x3  
  81  6:03  Roach x2  
  87  6:06  Overseer  
  87  6:07  Pneumatized Carapace  
  87  6:09  Drone  
  87  6:12  Extractor  
  87  6:13  Drone x2  
  87  6:17  Drone, Overlord  
  89  6:19  Drone, Overlord  
  89  6:20  Roach x3  
  89  6:25  Drone  
  97  6:27  Baneling Nest  
  97  6:29  Overlord  
  96  6:33  Overlord  
  96  6:36  Drone, Roach x2  
  96  6:37  Roach  
  96  6:38  Zerg Melee Weapons Level 2  
  103  6:45  Roach x5  
  111  6:54  Drone x2  
  111  6:57  Drone  
  111  6:59  Drone  
  111  7:00  Drone  
  114  7:02  Drone x5  
  114  7:07  Drone x2  
  121  7:10  Centrifical Hooks  
  121  7:14  Spore Crawler  
  120  7:15  Overlord  
  120  7:16  Overlord  
  120  7:18  Roach x2  
  120  7:19  Roach x2  
  120  7:20  Zergling x2  
  129  7:26  Infestation Pit  
  129  7:27  Zergling x10  
  133  7:31  Ravager  
  133  7:32  Ravager x2  
  133  7:33  Overlord x2  
  133  7:36  Baneling x3  
  136  7:39  Baneling x2  
  136  7:40  Zergling x6  
  139  7:45  Zergling x10  
  139  7:46  Baneling x4  
  139  7:47  Baneling x3  
  144  7:52  Baneling x5  
  144  7:56  Zergling x14  
  150  8:06  Drone x3, Overlord x3  
  150  8:12  Baneling x10  
  151  8:18  Zergling x2  
  152  8:23  Overlord  
  152  8:24  Queen  
  155  8:27  Zergling x14  
  155  8:34  Zergling x14  
  150  8:51  Zergling x2  
  150  8:52  Zergling x24  
  150  8:55  Hive, Zerg Ground Armor Level 1  
  156  8:56  Drone  
  156  8:57  Drone  
  156  8:58  Spire  
  156  9:01  Ravager x2  
  156  9:02  Baneling x7  
  159  9:07  Zergling x14  
  166  9:18  Extractor  
  166  9:23  Hatchery  
  163  9:31  Baneling x11  
  161  9:33  Drone x3  
  161  9:36  Drone x4  
  161  9:37  Zergling x16  
  175  9:40  Zergling x2  
  175  9:43  Overlord  
  175  9:44  Overlord  
  175  9:46  Overlord  
  175  9:50  Overlord  
  175  9:56  Baneling x11  
  175  9:57  Baneling x9  
  172  10:04  Zergling x2, Roach x2  
  172  10:05  Zergling x14  
  183  10:08  Adrenal Glands, Baneling x6  
  183  10:12  Greater Spire  
  170  10:23  Zergling x28  
  183  10:32  Zergling x10  
  183  10:33  Overseer  
  188  10:38  Queen  
  188  10:40  Drone x3  
  188  10:41  Extractor  
  192  10:45  Drone x2, Spine Crawler  
  192  10:46  Zergling x4, Spine Crawler  
  192  10:49  Zerg Melee Weapons Level 3  
  194  10:50  Baneling x10  
  194  10:51  Baneling x2  
  190  11:03  Zergling x20  
  197  11:14  Zergling x6  
  197  11:17  Baneling x11  
  197  11:18  Baneling x6  
  199  11:25  Zerg Flyer Weapons Level 1  
  193  11:37  Zergling x44  
  181  11:43  Zergling x2  
  161  11:51  Zergling x18, Roach x2  
  170  11:56  Baneling x6  
  170  11:57  Baneling x4  
  170  11:58  Baneling x5  
  170  12:03  Drone  
  170  12:04  Drone  
  170  12:06  Baneling x8  
  170  12:07  Ravager  
  177  12:08  Zergling x10, Roach x3  
  177  12:09  Overseer  
  177  12:13  Baneling x16  
  184  12:20  Zergling x16  
  192  12:25  Baneling x6  
  192  12:26  Baneling x12  
  189  12:33  Zergling x4  
  189  12:34  Zergling x16  
  179  12:44  Zergling x12, Roach x4  
  177  12:50  Baneling x10  
  176  12:55  Zergling x8  
  178  12:59  Ravager x2  
  178  13:00  Ravager  
  178  13:03  Drone  
  178  13:04  Hatchery, Extractor  
  179  13:07  Drone x3  
  179  13:09  Zergling x6  
  185  13:16  Zergling x2  
  185  13:17  Zergling x18  
  185  13:19  Baneling x2  
  195  13:22  Baneling x11  
  195  13:25  Baneling x2  
  195  13:36  Zergling x2  
Show
View Real Time Build Order
Export as new Build Order

Stats Protoss 

Build Orders: 1 Gate Expand, Oracle Opening, Phoenix Opening, Archon Immortal 

Get SALT Encoding   

  12  0:00  Probe  
  13  0:12  Probe  
  14  0:20  Pylon  
  14  0:24  Probe  
  15  0:29  Assimilator  
  15  0:38  Probe (Chrono Boost)  
  16  0:45  Gateway  
  16  0:49  Probe (Chrono Boost)  
  17  0:53  Probe (Chrono Boost)  
  18  1:04  Probe  
  19  1:17  Probe  
  20  1:24  Nexus  
  20  1:32  Cybernetics Core  
  20  1:35  Probe  
  21  1:41  Assimilator  
  21  1:47  Probe  
  21  1:50  Pylon  
  22  1:59  Probe  
  23  2:06  Adept (Chrono Boost)  
  23  2:11  Probe  
  23  2:13  Stargate  
  26  2:22  Warp Gate  
  26  2:23  Probe  
  26  2:28  Adept  
  29  2:36  Probe x2 (Chrono Boost)  
  31  2:45  Probe x2 (Chrono Boost)  
  31  2:50  Probe x2 (Chrono Boost)  
  33  2:56  Phoenix (Chrono Boost)  
  37  3:02  Probe  
  37  3:03  Probe  
  39  3:07  Pylon  
  39  3:14  Probe  
  39  3:15  Probe  
  39  3:17  Gateway  
  41  3:20  Oracle (Chrono Boost)  
  41  3:26  Probe  
  46  3:27  Probe  
  46  3:33  Assimilator  
  46  3:34  Assimilator  
  46  3:38  Probe  
  46  3:39  Probe  
  46  3:41  Pylon  
  48  3:49  Oracle (Chrono Boost)  
  48  3:50  Probe  
  48  3:51  Probe  
  53  4:00  Robotics Facility  
  54  4:02  Probe  
  54  4:03  Pylon, Probe  
  55  4:13  Adept x2  
  55  4:14  Probe  
  55  4:15  Probe  
  55  4:16  Pylon  
  61  4:33  Adept x2  
  61  4:38  Nexus  
  65  4:39  Pylon  
  65  4:42  Pylon  
  65  4:44  Probe x2  
  67  4:47  Observer  
  68  4:54  Sentry x2  
  68  4:56  Probe x2  
  72  5:08  Probe x2  
  72  5:10  Immortal  
  72  5:13  Forge  
  78  5:15  Twilight Council  
  76  5:27  Sentry x2  
  80  5:29  Probe x2  
  78  5:41  Probe x2  
  80  5:44  Protoss Ground Weapons Level 1 (Chrono Boost)  
  80  5:50  Gateway  
  80  5:51  Charge, Gateway  
  80  5:53  Probe x2  
  80  5:54  Immortal (Chrono Boost)  
  86  5:57  Probe  
  87  6:05  Probe x2  
  87  6:10  Probe  
  90  6:11  Assimilator  
  90  6:15  Assimilator  
  90  6:16  Gateway  
  90  6:17  Templar Archives  
  90  6:18  Gateway  
  89  6:19  Probe x2  
  89  6:22  Probe  
  92  6:30  Gateway  
  92  6:31  Probe x2, Gateway, Immortal (Chrono Boost)  
  94  6:34  Probe  
  94  6:37  Pylon  
  99  6:45  Shield Battery  
  99  6:47  Photon Cannon  
  99  7:01  Warp Prism (Chrono Boost)  
  99  7:05  High Templar x4  
  99  7:07  Photon Cannon  
  109  7:10  Pylon, Photon Cannon  
  109  7:12  Pylon x2  
  109  7:13  Archon x2  
  109  7:14  Pylon, Zealot x2  
  113  7:19  Robotics Facility  
  113  7:31  Observer (Chrono Boost)  
  113  7:32  Probe x3  
  116  7:43  Nexus  
  116  7:44  Protoss Ground Weapons Level 2 (Chrono Boost), Pylon  
  115  7:51  Psionic Storm, Zealot x3  
  115  7:52  Zealot  
  115  7:54  Probe x3  
  126  8:03  High Templar x3  
  126  8:05  Nexus  
  132  8:19  High Templar, Immortal (Chrono Boost)  
  134  8:26  Pylon  
  142  8:30  Pylon  
  142  8:38  Zealot x5  
  142  8:40  Archon x2  
  121  8:49  Immortal  
  121  8:50  Probe x2 (Chrono Boost)  
  121  8:54  Probe (Chrono Boost)  
  117  8:58  High Templar x3  
  117  9:01  Pylon, Probe x2 (Chrono Boost)  
  117  9:02  Pylon  
  126  9:04  Probe (Chrono Boost)  
  126  9:05  High Templar, Probe (Chrono Boost)  
  126  9:06  Probe (Chrono Boost)  
  130  9:11  Blink  
  130  9:14  Probe  
  130  9:16  Probe x2  
  133  9:17  Assimilator  
  133  9:19  Probe  
  131  9:24  Stalker x2  
  131  9:25  Zealot  
  131  9:26  Probe  
  131  9:28  Probe  
  135  9:34  Probe  
  135  9:35  Probe  
  135  9:38  Probe  
  138  9:40  Probe  
  133  9:47  Probe x2  
  133  9:50  Probe  
  133  9:52  Probe, Photon Cannon  
  137  9:53  Photon Cannon  
  137  9:59  Probe x2  
  139  10:00  Protoss Ground Weapons Level 3 (Chrono Boost)  
  139  10:02  Probe  
  139  10:04  Probe  
  140  10:10  Gateway  
  140  10:11  Probe x2  
  140  10:12  Gateway  
  138  10:14  Probe  
  127  10:25  Probe  
  127  10:26  Probe x3  
  122  10:31  High Templar x3  
  122  10:32  High Templar x4  
  122  10:33  Zealot  
  138  10:36  Archon x2  
  138  10:38  Probe x3, Archon  
  141  10:44  Probe  
  142  10:50  Probe x3, Photon Cannon, Shield Battery  
  141  11:10  Immortal  
  149  11:15  Probe x4  
  149  11:19  Photon Cannon  
  149  11:21  Photon Cannon  
  149  11:28  Nexus  
  149  11:30  Pylon  
  132  11:41  Probe (Chrono Boost)  
  132  11:42  Probe x3 (Chrono Boost)  
  100  11:53  Immortal  
  100  11:54  Probe x3 (Chrono Boost)  
  104  11:55  Probe (Chrono Boost)  
  104  11:56  High Templar  
  104  11:57  High Templar  
  104  12:00  Pylon  
  104  12:01  Probe x2 (Chrono Boost), Archon  
  110  12:02  Probe x2 (Chrono Boost)  
  110  12:08  Probe x2  
  112  12:11  Probe (Chrono Boost)  
  115  12:18  High Templar x2  
  115  12:20  Probe x2 (Chrono Boost)  
  115  12:21  Probe (Chrono Boost)  
  123  12:23  Probe (Chrono Boost)  
  126  12:30  Probe x3 (Chrono Boost)  
  126  12:31  Probe (Chrono Boost)  
  126  12:32  Archon x2  
  111  12:40  Probe x3  
  111  12:41  Probe  
  96  12:53  Probe x4  
  94  13:05  Probe x4  
  96  13:09  High Templar x2  
  96  13:10  High Templar x6  
  112  13:17  Probe (Chrono Boost)  
  112  13:18  Probe x3 (Chrono Boost)  
  116  13:29  Probe (Chrono Boost)  
  116  13:30  Probe x3 (Chrono Boost)  
Tags
 
Add a new tag
Caveats
  • Supply blocks, unpowered buildings, or Contaminate may cause inaccurate times.
  • Supply counts are checked every 10 seconds.